 Dungeon Crawl Stone Soup version 0.28.0-47-ge53b351184 (webtiles) character file.

Game seed: 14670273657691619385

35880 boopmooplesden the Fencer (level 13, -1/122 HPs)
             Began as a Minotaur Berserker on May 2, 2022.
             Was a High Priest of Trog.
             Slain by a death yak (11 damage)
             ... on level 5 of the Lair of Beasts.
             The game lasted 00:22:54 (19143 turns).

boopmooplesden the Fencer (Minotaur Berserker)     Turns: 19143, Time: 00:22:54

Health: -1/122     AC: 40    Str: 27    XL:     13   Next: 50%
Magic:  4/4        EV: 12    Int:  6    God:    Trog [*****.]
Gold:   761        SH:  0    Dex: 19    Spells: 12/12 levels left

rFire   + + +      SeeInvis +   j - +9 triple sword "Noor" {antimagic, rF+ Str+3}
rCold   + . .      Faith    .   (shield currently unavailable)
rNeg    + . .      Spirit   .   z - +15 Maxwell's patent armour {-Cast -Tele rElec Will+ rCorr}
rPois   .          Reflect  .   O - +0 mask of the Dragon {Will+ Slay+3 SInv}
rElec   +          Harm     .   K - scarf {rC+ rF+}
rCorr   +          Rampage  .   P - +3 pair of gloves of Xyar Vyh {rN+ Int+2}
Will    ++++.      NoTele   +   i - +2 pair of boots {Stlth+}
Stlth   .......... NoCast   +   (no amulet)
HPRegen 1.30/turn               m - ring of Bagayn {Fly rF+}
MPRegen 0.09/turn               L - +6 ring of dexterity

@: strong-willed, on berserk cooldown, flying, regenerating, slowed, very slow
A: horns 2, retaliatory headbutt, MP-powered wands
a: Renounce Religion, Berserk, Trog's Hand, Brothers in Arms


You were on level 5 of the Lair of Beasts.
You worshipped Trog.
Trog was extremely pleased with you.
You visited 2 branches of the dungeon, and saw 17 of its levels.
You also visited: Sewer and Bailey.

You collected 1928 gold pieces.
You spent 1167 gold pieces at shops.

Inventory:

Hand Weapons
 a - a +2 falchion of protection
 j - the +9 triple sword "Noor" (weapon) {antimagic, rF+ Str+3}
   (You acquired it on level 1 of the Lair of Beasts)

   It reduces the magical energy of the wielder, and disrupts the spells and
   magical abilities of those it strikes.
   Natural abilities and divine invocations are not affected.
   Str:       It affects your strength (+3).
   rF:        It protects you from fire.
Missiles
 d - 5 silver javelins (quivered)
 Q - 5 javelins
Armour
 i - a +2 pair of boots of stealth (worn)
 z - the +15 Maxwell's patent armour (worn) {-Cast -Tele rElec Will+ rCorr}
   (You acquired it on level 7 of the Dungeon)

   rElec:     It insulates you from electricity.
   -Cast:     It prevents spellcasting.
   -Tele:     It prevents most forms of teleportation.
   rCorr:     It protects you from acid and corrosion.
   Will:      It increases your willpower.
 K - a scarf of resistance (worn)
 O - the +0 mask of the Dragon (worn) {Will+ Slay+3 SInv}
   (You acquired it on level 1 of the Lair of Beasts)

   Slay:      It affects your accuracy & damage with ranged weapons and melee
   (+3).
   SInv:      It lets you see invisible.
   Will:      It increases your willpower.
 P - the +3 pair of gloves of Xyar Vyh (worn) {rN+ Int+2}
   (You bought it in a shop on level 6 of the Dungeon)

   Int:       It affects your intelligence (+2).
   rN:        It protects you from negative energy.
Jewellery
 g - a ring of willpower
 h - an amulet of magic regeneration
 m - the ring of Bagayn (left hand) {Fly rF+}
   (You acquired it on level 4 of the Dungeon)

   [ring of flight]

   rF:        It protects you from fire.
   Fly:       It grants you flight.
 y - a ring of willpower
 H - a +4 ring of protection
 L - a +6 ring of dexterity (right hand)
 M - a ring of positive energy
 N - an amulet of guardian spirit
Wands
 o - a wand of flame (32)
 q - a wand of paralysis (26)
 t - a wand of digging (10)
 D - a wand of charming (3)
 R - a wand of polymorph (4)
 T - a wand of mindburst (12)
Scrolls
 b - 2 scrolls of summoning
 p - a scroll of fog
 s - 8 scrolls of identify
 u - a scroll of brand weapon
 x - 4 scrolls of teleportation
 A - 2 scrolls of fear
 E - a scroll of enchant weapon
 F - a scroll of magic mapping
 J - 3 scrolls of blinking
Potions
 e - 4 potions of curing
 f - 6 potions of flight
 k - 2 potions of might {unknown}
 l - 2 potions of haste
 n - a potion of ambrosia {unknown}
 r - 3 potions of attraction {unknown}
 v - 4 potions of heal wounds {unknown}
 w - 2 potions of magic {unknown}
 C - a potion of brilliance {unknown}
 G - a potion of experience
 I - 2 potions of resistance {unknown}
 S - a potion of cancellation {unknown}
Miscellaneous
 c - a phial of floods
 B - a lightning rod (4/4)


   Skills:
 + Level 13.4 Fighting
 + Level 18.1 Long Blades
 + Level 14.8 Armour
 + Level 7.3 Dodging
 + Level 3.0 Stealth


You had 12 spell levels left.
You didn't know any spells.
Your spell library was empty.

Dungeon Overview and Level Annotations

Branches:
Dungeon (12/15)            Temple (0/1) D:6            Lair (5/6) D:11
  Swamp (0/4) Lair:2       Spider (0/4) Lair:4        Slime (0/5) Lair:5
  Sewer (visited)          Bailey (visited)
    Orc: D:9-12

Altars:
Ashenzari
Gozag
Nemelex Xobeh
Wu Jian
Xom
Yredelemnul
Jiyva

Shops:
D:2 (   D:6 [   D:10 *


Innate Abilities, Weirdness & Mutations

You have a pair of horns on your head.
You reflexively headbutt those who attack you in melee.
You expend magic power (3 MP) to strengthen your wands.


Message History

Your skin crawls.
You feel strong-willed.
The death yak gores you but does no damage.
The death yak gores you.
* * * LOW HITPOINT WARNING * * *
The death yak barely misses you. The death yak misses you.
You furiously retaliate!
You headbutt the death yak.
Your ogre goes berserk!
The yak gores you but does no damage. The death yak gores you.
* * * LOW HITPOINT WARNING * * *
The death yak barely misses you. You furiously retaliate!
You headbutt the death yak. The death yak barely misses you.
The death yak closely misses you. The death yak gores you!
* * * LOW HITPOINT WARNING * * *
The yak gores you but does no damage.
You feel better.
The death yak gores you but does no damage.
The yak closely misses you. You furiously retaliate!
You headbutt the yak.
The death yak gores you but does no damage.
The death yak gores you!
* * * LOW HITPOINT WARNING * * *
Your ogre barely misses the yak.
The death yak gores you but does no damage.
You feel better.
Your ogre hits the yak with a +0 giant spiked club!!
The yak dies!
Trog accepts your kill. The death yak closely misses you.
The death yak barely misses you.
The death yak gores you but does no damage.
Your ogre hits the death yak with a +0 giant spiked club!!!
The death yak closely misses you. You furiously retaliate!
You headbutt the death yak, but do no damage.
The death yak gores you.
* * * LOW HITPOINT WARNING * * *
You hear a howl!
You feel better. The death yak gores you.
* * * LOW HITPOINT WARNING * * *
Your ogre hits the death yak with a +0 giant spiked club!!
The death yak gores you!
You die...

# #................# #
#.........>.....##
####...............#
##.................#
...................##
........##..........#
........###..#......#
†.....P## #####)O...##
..†...P# #†Y@....#
.......### #.YY...##
.........# ##......#
....................#.#
P...._>..............#..
....................## ?
P.....................
#P..................###
#...................#


You could see 3 death yaks and a friendly ogre (summoned, berserk).

Vanquished Creatures
  Gastronok (Lair:3)
  An orc warlord (Bailey)
  A catoblepas (Lair:2)
  5 hydras
  A boulder beetle (D:11)
  4 two-headed ogres
  2 death yaks (Lair:5)
  Sonja (Lair:5)
  Pikel (D:4)
  4 orc knights (Bailey)
  An oklob plant (D:11)
  A cyclops (D:7)
  10 cane toads
  5 black mambas
  A gargoyle (D:12)
  5 rime drakes
  7 komodo dragons
  A meliai (Lair:4)
  2 hornets
  2 trolls
  14 blink frogs
  A shadow (D:11)
  2 wraiths
  2 basilisks
  A vampire (D:11)
  13 yaks
  A wyvern (Lair:1)
  2 steam dragons
  4 redbacks (D:12)
  Menkaure (D:7)
  2 swamp worms (Lair:2)
  An acid dragon (D:10)
  11 water moccasins
  3 ice beasts
  2 sky beasts
  10 orc warriors
  4 ogres
  3 black bears
  A necrophage (D:6)
  5 wolves (Lair:1)
  The ghost of NinjaNoafa the Archer, an amateur GnWn (D:3)
  5 centaurs
  A lemure (D:4)
  2 kobold brigands
  3 scorpions
  9 bullfrogs
  2 gnoll sergeants (D:9)
  A wyvern skeleton (D:6)
  10 killer bees
  3 wights (D:7)
  A bullfrog zombie (D:6)
  A gnoll shaman (D:10)
  2 centaur zombies
  5 hounds
  2 bullfrog skeletons
  2 orc priests
  3 centaur skeletons
  3 iguanas
  Ijyb (D:5)
  9 orc wizards
  6 hell rats (Lair:1)
  2 killer bee zombies
  22 gnolls
  9 adders
  5 river rats (Sewer)
  A shadow imp (D:7)
  2 white imps (D:7)
  An ufetubus (D:6)
  2 adder skeletons (D:4)
  4 worms
  A dart slug (D:4)
  38 orcs
  14 ball pythons
  4 endoplasms
  5 giant cockroaches
  26 goblins
  13 hobgoblins
  5 jackals
  12 quokkas
  3 bats
  4 frilled lizards
  15 kobolds
399 creatures vanquished.

Vanquished Creatures (collateral kills)
  A yak (Lair:5)
1 creature vanquished.

Vanquished Creatures (others)
  2 fungi (Lair:2)
  10 plants
12 creatures vanquished.

Grand Total: 412 creatures vanquished

Notes
Turn   | Place    | Note
-------+----------+-------------------------------------------
     0 | D:1      | boopmooplesden the Minotaur Berserker began the quest for
                  | the Orb.
     0 | D:1      | Reached XP level 1. HP: 19/19 MP: 0/0
   202 | D:1      | Found a faded altar of an unknown god.
   320 | D:1      | Reached XP level 2. HP: 27/27 MP: 1/1
   340 | D:1      | Reached skill level 4 in Long Blades
  1013 | D:1      | Reached XP level 3. HP: 30/33 MP: 2/2
  1061 | D:2      | Found Hohuk's Weapon Shop.
  1362 | D:2      | Reached ** piety under Trog
  2213 | D:3      | Noticed a water moccasin
  2221 | D:3      | Killed a water moccasin
  2222 | D:3      | Reached skill level 5 in Long Blades
  2222 | D:3      | Reached XP level 4. HP: 23/41 MP: 3/3
  2222 | D:3      | Reached XP level 5. HP: 27/47 MP: 4/4
  2541 | D:3      | Reached skill level 5 in Fighting
  2566 | D:3      | Found a glowing drain.
  2579 | Sewer    | Entered a sewer
  2975 | Sewer    | Reached XP level 6. HP: 56/56 MP: 5/5
  2986 | Sewer    | Gained mutation: You expend magic power (3 MP) to
                  | strengthen your wands. [potion of mutation]
  3139 | Sewer    | Reached *** piety under Trog
  3430 | D:3      | Found a runed translucent gate.
  3431 | D:3      | Noticed an ice beast
  3433 | D:3      | Found a runed translucent gate.
  3433 | D:3      | Noticed NinjaNoafa's ghost (amateur GnWn)
  3434 | D:3      | Found a runed translucent gate.
  3791 | D:3      | Killed an ice beast
  3792 | D:3      | Reached skill level 6 in Long Blades
  3792 | D:3      | Reached skill level 1 in Stealth
  3796 | D:3      | Killed NinjaNoafa's ghost
  3797 | D:3      | Reached XP level 7. HP: 62/62 MP: 6/6
  3919 | D:4      | Noticed Pikel
  3941 | D:4      | Killed Pikel
  3942 | D:4      | Reached skill level 7 in Long Blades
  3942 | D:4      | Reached skill level 5 in Armour
  3942 | D:4      | Reached XP level 8. HP: 71/71 MP: 7/7
  4715 | D:4      | Identified a scroll of acquirement
  4715 | D:4      | Acquired the ring of Bagayn {Fly rF+}
  4739 | D:5      | Entered Level 5 of the Dungeon
  4743 | D:5      | Noticed Ijyb
  4764 | D:5      | Reached skill level 8 in Long Blades
  4776 | D:5      | Killed Ijyb
  4982 | D:5      | Reached skill level 5 in Dodging
  5088 | D:5      | Found a shimmering altar of Xom.
  5559 | D:5      | Found an opulent altar of Gozag.
  5692 | D:5      | Found a sparkling altar of Nemelex Xobeh.
  5825 | D:6      | Reached XP level 9. HP: 73/79 MP: 8/8
  5895 | D:6      | Reached skill level 9 in Long Blades
  5963 | D:6      | Found Tuogria's Armour Shoppe.
  5971 | D:6      | Bought a +1 pair of boots of stealth for 231 gold pieces
  6032 | D:6      | Found a staircase to the Ecumenical Temple.
  6176 | D:6      | Found an ornate altar of the Wu Jian Council.
  6221 | D:6      | Noticed a two-headed ogre
  6229 | D:6      | Killed a two-headed ogre
  6336 | D:6      | Reached skill level 10 in Long Blades
  6646 | D:7      | Noticed Menkaure
  6652 | D:7      | Killed Menkaure
  7352 | D:7      | Acquired the +15 Maxwell's patent armour {-Cast -Tele rElec
                  | Will+ rCorr}
  7352 | D:7      | Found the +15 Maxwell's patent armour {-Cast -Tele rElec
                  | Will+ rCorr}
  7507 | D:7      | Reached **** piety under Trog
  7508 | D:7      | Reached XP level 10. HP: 90/90 MP: 9/9
  7637 | D:7      | Reached skill level 11 in Long Blades
  7637 | D:7      | Noticed a cyclops
  7650 | D:7      | Killed a cyclops
  7834 | D:7      | You are sucked into a shaft and drop 3 floors!
  7834 | D:10     | Entered Level 10 of the Dungeon
  8078 | D:10     | Found Bopek's CLEARANCE SALE!.
  8980 | D:10     | Reached skill level 10 in Armour
  9099 | D:10     | Found a broken altar of Ashenzari.
  9113 | D:10     | Noticed a two-headed ogre
  9124 | D:10     | Killed a two-headed ogre
  9125 | D:10     | Reached skill level 12 in Long Blades
 10822 | D:8      | Found a basalt altar of Yredelemnul.
 10830 | D:8      | Noticed a two-headed ogre
 10840 | D:8      | Killed a two-headed ogre
 10841 | D:8      | Reached XP level 11. HP: 89/99 MP: 10/10
 10850 | D:8      | Found a flagged portal.
 10867 | Bailey   | Entered a bailey
 10902 | Bailey   | Reached ***** piety under Trog
 11094 | Bailey   | Noticed an orc knight
 11107 | Bailey   | Killed an orc knight
 11136 | Bailey   | Noticed an orc knight
 11165 | Bailey   | Killed an orc knight
 11166 | Bailey   | Reached skill level 10 in Fighting
 11166 | Bailey   | Reached skill level 13 in Long Blades
 11214 | Bailey   | Noticed an orc knight
 11235 | Bailey   | Killed an orc knight
 11252 | Bailey   | Noticed an orc knight
 11296 | Bailey   | Killed an orc knight
 11340 | Bailey   | Noticed an orc warlord
 11368 | Bailey   | Killed an orc warlord
 13161 | D:11     | Noticed a boulder beetle
 13173 | D:11     | Killed a boulder beetle
 13174 | D:11     | Reached skill level 14 in Long Blades
 13226 | D:11     | Noticed a two-headed ogre
 13236 | D:11     | Killed a two-headed ogre
 13289 | D:11     | Found a staircase to the Lair.
 13289 | D:11     | Noticed an oklob plant
 13316 | D:11     | Killed an oklob plant
 14382 | Lair:1   | Entered Level 1 of the Lair of Beasts
 14489 | Lair:1   | Identified the -4 pair of gloves of the Slightly Bent
                  | {Dex+2}
 14496 | Lair:1   | Reached XP level 12. HP: 88/110 MP: 11/11
 14764 | Lair:1   | Reached skill level 15 in Long Blades
 14934 | Lair:1   | Acquired the +0 mask of the Dragon {Will+ Slay+3 SInv}
 14934 | Lair:1   | Found the +0 mask of the Dragon {Will+ Slay+3 SInv}
 14948 | Lair:1   | Acquired the +9 triple sword "Noor" {antimagic, rF+ Str+3}
 15450 | Lair:2   | Noticed a catoblepas
 15470 | Lair:2   | Killed a catoblepas
 15745 | Lair:2   | Acquired 768 gold pieces
 15899 | D:6      | Bought a scarf of resistance for 448 gold pieces
 15899 | D:6      | Bought the +3 pair of gloves of Xyar Vyh {rN+ Int+2} for
                  | 488 gold pieces
 16285 | Lair:2   | Noticed an eight-headed hydra
 16297 | Lair:2   | Killed a 13-headed hydra
 16344 | Lair:2   | Noticed a five-headed hydra
 16613 | Lair:2   | Killed a ten-headed hydra
 16698 | Lair:2   | Reached skill level 16 in Long Blades
 16960 | Lair:2   | Found a staircase to the Swamp.
 17190 | Lair:3   | Noticed an eight-headed hydra
 17196 | Lair:3   | Killed a ten-headed hydra
 17205 | Lair:3   | Noticed Gastronok
 17214 | Lair:3   | Killed Gastronok
 17641 | Lair:3   | Noticed a six-headed hydra
 17648 | Lair:3   | Killed a nine-headed hydra
 18009 | Lair:4   | Reached XP level 13. HP: 107/119 MP: 4/12
 18080 | Lair:4   | Reached skill level 17 in Long Blades
 18591 | Lair:4   | Identified the +4 ring mail of Weggot {rF+ Str+4 Dex-3}
 18781 | Lair:4   | Found a hole to the Spider Nest.
 19057 | Lair:5   | Found a viscous altar of Jiyva.
 19057 | Lair:5   | Found a staircase to the Slime Pits.
 19120 | Lair:5   | Noticed Sonja
 19127 | Lair:5   | Received a gift from Trog
 19129 | Lair:5   | Reached skill level 18 in Long Blades
 19129 | Lair:5   | Killed Sonja
 19141 | Lair:5   | HP: 4/122 [death yak (12)]
 19143 | Lair:5   | Slain by a death yak

Illustrated notes

Levels and vault maps discovered:
D:1:      elethiomel_arrival_maze, layout_loops_ring,
          shapermc_ecumenical_altar_starsandcircs
D:2:      layout_loops_ring, serial_shops, nicolae_shop_bloodbath_and_beyond
D:3:      layout_basic, gammafunk_ghost_split, gup_sewer_entry_pipe,
          serial_bayou_lake_a
D:4:      cheibrodos_helix_gallery, layout_loops_ring, grunt_ministairs_9,
          uniq_pikel
D:5:      layout_basic, old_standard_altar, grunt_gozag_statues,
          nemelex_altar_shiori, uniq_ijyb
D:6:      layout_gridville, nzn_wu_jian_contemplation,
          minmay_temple_entry_antechambers, serial_shops, shop,
          chequers_serial_rivers_room_a, hangedman_decor_lopped, chequers_jeans
D:7:      minmay_s_stair_smasher, layout_basic, nicolae_figureground_sparkle,
          uniq_menkaure
D:8:      layout_layer_cave, lemuel_tele_altar, enter_bailey_5
D:9:      layout_roguey, serial_co_window_serial, co_window_of_opportunity_a,
          co_window_corner_a, co_window_corner_a, co_window_paths_a,
          co_window_corner_a, co_window_unsneaky_path_b, co_window_broadway_a,
          co_window_broadway_b, co_window_broadway_b, co_window_corner_ca,
          co_window_broadway_b, glass_columns_b, glass_columns_a,
          glass_columns_c
D:10:     layout_layer_cave, ashenzari_altar_1, nicolae_shop_clearance
D:11:     layout_basic, dpeg_oklobed_lair, corner_web_ring, grunt_ministairs_11
D:12:     layout_basic, kennysheep_orc_monster_closet_entryway,
          lemuel_flamethrower_2
Lair:1:   layout_chaotic_city
Lair:2:   layout_roguey, palyth_hydra_swamp_entry, st_stairs_7
Lair:3:   layout_small_grid, uniq_gastronok
Lair:4:   layout_cave_shapes, hellmonk_spider_entry_not_the_bees
Lair:5:   layout_cellular_growth, slime_altar_1, minmay_lair_drake_nest,
          uniq_sonja

Skill      XL: |  1  2  3  4  5  6  7  8  9 10 11 12 13 |
---------------+----------------------------------------+-----
Long Blades    | 4 5 6 7 8 10 12 14 16 18 | 18.1
Fighting       | 4 5 6 7 8 9 11 12 13 | 13.4
Armour         | 3 4 5 7 9 11 12 14 | 14.8
Dodging        | 3 4 5 6 7 |  7.3
Stealth        | 1 2 3 |  3.0

Action                   |  1- 3 |  4- 6 |  7- 9 | 10-12 | 13-15 || total
-------------------------+-------+-------+-------+-------+-------++-------
Melee: Falchion          |    70 |    97 |   227 |   689 |       ||  1083
       Headbutt          |     9 |    21 |    49 |   201 |    13 ||   293
       Punch             |       |     1 |     6 |    11 |       ||    18
       Triple sword      |       |       |       |    95 |    89 ||   184
Invok: Berserk           |     1 |     5 |     9 |    11 |     2 ||    28
       Trog's Hand       |       |       |       |     1 |     1 ||     2
       Brothers in Arms  |       |       |       |     1 |     1 ||     2
  Use: Scroll            |     6 |       |     9 |     7 |       ||    22
       Potion            |       |     1 |       |       |     4 ||     5
 Stab: Distracted        |       |       |       |     1 |       ||     1
Armor: Animal skin       |     4 |       |       |       |       ||     4
       Scale mail        |     9 |    52 |   116 |       |       ||   177
       Plate armour      |       |       |    11 |   644 |   108 ||   763
Dodge: Dodged            |    46 |    86 |   155 |   445 |   117 ||   849
